 Dungeon Crawl Stone Soup version 0.31-a0-1074-g0b22e4e0f1 (webtiles) character file.

Game seed: 15445137315113476796

12076 grandjackal the Thaumaturge (level 11, -1/54 HPs)
             Began as a Deep Elf Conjurer on Dec 3, 2023.
             Was a Priest of Sif Muna.
             Slain by a shadow (21 damage)
             ... on level 11 of the Dungeon.
             The game lasted 00:23:31 (10934 turns).

grandjackal the Thaumaturge (Deep Elf Conjurer)    Turns: 10934, Time: 00:23:32

Health: -1/54      AC: 10    Str:  4    XL:     11   Next: 57%
Magic:  10/29      EV: 13    Int: 28    God:    Sif Muna [***...]
Gold:   70         SH:  0    Dex: 18    Spells: 14/35 levels left

rFire   + . .        L - staff "Hell-Harrower" {rC+ rN++ Str-2 Dex+5 Ice}
rCold   + . .        (no shield)
rNeg    + + .        C - +0 steam dragon scales
rPois   .            a - +0 helmet
rElec   .            n - +2 cloak
rCorr   .            (no gloves)
SInv    .            Q - +0 pair of boots of Free Will {Str+2}
Will    +....        q - amulet of regeneration
Stlth   ++           g - ring of protection from fire
HPRegen 1.09/turn    D - ring of flight
MPRegen 0.21/turn

%: no passive effects
@: flying
A: no striking features
a: Renounce Religion, Channel Magic, Forget Spell


You were on level 11 of the Dungeon.
You worshipped Sif Muna.
Sif Muna was most pleased with you.
You visited 2 branches of the dungeon, and saw 12 of its levels.
You also visited: Ice Cave.

You collected 809 gold pieces.
You spent 739 gold pieces at shops.

Inventory:

Armour
 a - a +0 helmet (worn)
 f - a +0 pair of boots
 n - a +2 cloak (worn)
 C - +0 steam dragon scales (worn)
 G - an orb of energy
 Q - the +0 pair of boots of Free Will (worn) {Str+2}
   (You bought it in a shop on level 10 of the Dungeon)

   Str+2:     It affects your strength (+2).
Magical Staves
 L - the staff "Hell-Harrower" (weapon) {rC+ rN++ Str-2 Dex+5 Ice}
   (You found it on level 8 of the Dungeon)

   [staff of cold]

   Base accuracy: +5 Base damage: 5 Base attack delay: 1.2 This weapon's minimum
   attack delay (0.6) is reached at skill level 12.
   Str-2:     It affects your strength (-2).
   Dex+5:     It affects your dexterity (+5).
   rC+:       It protects you from cold.
   rN++:      It greatly protects you from negative energy.
   Ice:       It increases the power of your Ice spells.
   It falls into the 'Staves' category.
   It is a one-handed weapon.
Jewellery
 g - a ring of protection from fire (left hand)
 q - an amulet of regeneration (around neck)
 D - a ring of flight (right hand)
Talismans
 v - a storm talisman
Wands
 e - a wand of mindburst (9)
 t - a wand of polymorph (9)
 w - a wand of light (27)
 y - a wand of charming (11)
 F - a wand of digging (6)
 I - a wand of flame (18)
Scrolls
 c - 9 scrolls of fear
 d - 2 scrolls of amnesia {unknown}
 j - 2 scrolls of immolation {unknown}
 k - 8 scrolls of teleportation
 l - 4 scrolls of enchant armour {unknown}
 m - 3 scrolls of poison {unknown}
 o - 6 scrolls of fog
 p - 4 scrolls of vulnerability
 r - 5 scrolls of revelation {unknown}
 s - a scroll of silence {unknown}
 x - 2 scrolls of noise {unknown}
 J - a scroll of brand weapon {unknown}
 K - a scroll of butterflies {unknown}
 M - a scroll of enchant weapon
 R - a scroll of torment {unknown}
Potions
 b - 2 potions of magic
 h - 5 potions of attraction
 i - 2 potions of curing
 u - a potion of mutation
 z - 3 potions of heal wounds
 A - 2 potions of might
 B - a potion of cancellation
 E - 2 potions of ambrosia
 H - a potion of lignification
 O - a potion of brilliance
 P - 2 potions of haste
Miscellaneous
 N - a phial of floods


   Skills:
 - Level 2.4 Dodging
 - Level 2.4 Stealth
 + Level 12.9 Spellcasting
 - Level 10.5 Conjurations
 + Level 7.0 Fire Magic
 + Level 8.9 Poison Magic
 + Level 9.1 Invocations


You had 14 spell levels left.
You knew the following spells:

 Your Spells              Type           Power      Damage    Failure   Level
a - Magic Dart            Conj           100%       1d8       1%          1
b - Searing Ray           Conj           100%       2d8       1%          2
c - Scorch                Fire           100%       2d9       1%          2
d - Flame Wave            Conj/Fire      61%        2d14      1%          4
e - Mephitic Cloud        Conj/Pois/Air  53%        N/A       1%          3
f - Fireball              Conj/Fire      30%        3d13      2%          5
g - Olgreb's Toxic Radia  Pois           62%        N/A       1%          4

Your spell library contained the following spells:

 Spells                   Type           Power      Damage    Failure   Level
 Kiss of Death            Conj/Necr      100%       2d13      1%          1
 Shock                    Conj/Air       100%       1d9       1%          1
 Sting                    Tmut/Pois      100%       1d8       1%          1
 Poisonous Vapours        Pois/Air       86%        N/A       1%          2
 Dazzling Flash           Conj/Hex       94%        N/A       1%          3
 Hailstorm                Conj/Ice       63%        3d13      1%          3
 Iskenderun's Battlesphe  Conj           67%        2d12      1%          5
 Freeze                   Ice            100%       1d10      3%          1
 Slow                     Hex            72%        N/A       3%          1
 Summon Small Mammal      Summ           72%        N/A       3%          1
 Fulminant Prism          Conj/Hex       23%        3d12      3%          4
 Iskenderun's Mystic Bla  Conj/Tloc      47%        2d10      3%          4
 Call Imp                 Summ           36%        N/A       4%          2
 Sublimation of Blood     Necr           18%        N/A       4%          2
 Call Canine Familiar     Summ           18%        N/A       9%          3
 Confusing Touch          Hex            18%        N/A       9%          3
 Frozen Ramparts          Ice            54%        1d9       9%          3
 Sigil of Binding         Hex            18%        N/A       9%          3
 Summon Guardian Golem    Hex/Summ       18%        N/A       9%          3
 Vampiric Draining        Necr           18%        2d7       9%          3
 Arcjolt                  Conj/Air       23%        1d33      10%         5
 Irradiate                Conj/Tmut      23%        3d19      10%         5
 Anguish                  Hex/Necr       9%         N/A       30%         4
 Cause Fear               Hex            9%         N/A       30%         4
 Dispel Undead            Necr           18%        3d11      30%         4
 Petrify                  Tmut/Erth      18%        N/A       30%         4
 Vhi's Electric Charge    Tloc/Air       36%        N/A       30%         4
 Orb of Destruction       Conj           33%        9d10      32%         7
 Bombard                  Conj/Erth      23%        9d4       47%         6
 Spellforged Servitor     Conj/Summ      23%        N/A       96%         7
 Summon Cactus Giant      Summ           9%         N/A       99%         6
 Enfeeble                 Hex            9%         N/A       100%        7
 Maxwell's Capacitive Co  Air            9%         ∞         100%        8
 Dragon's Call            Summ           9%         N/A       100%        9


Dungeon Overview and Level Annotations

Branches:
Dungeon (11/15)            Temple (1/1) D:5            Lair (0/5) D:8
  IceCv (visited)
    Orc: D:9-12

Altars:
Ashenzari
Cheibriados
Dithmenos
Elyvilon
Fedhas
Gozag
Hepliaklqana
Kikubaaqudgha
Makhleb
Nemelex Xobeh
Okawaru
Qazlal
Ru
Sif Muna
Trog
Uskayaw
Vehumet
Wu Jian
Xom
Yredelemnul
Zin
The Shining One

Shops:
D:1 !   D:4 (   D:7 =   D:10 ?:[![

Annotations:
D:8 2 transporters


Message History

The searing ray misses the vampire mosquito.
The searing ray hits the vampire mosquito.
The vampire mosquito is lightly damaged.
The vampire mosquito bites you!
The vampire mosquito draws strength from your injuries!
The vampire mosquito misses you.
The searing ray hits the vampire mosquito!
You destroy the vampire mosquito!
Sif Muna accepts your kill.
The searing ray hits the vampire mosquito!
The vampire mosquito is severely damaged.
The searing ray hits the vampire mosquito!
The vampire mosquito is heavily damaged.
You finish channelling your searing ray.
The vampire mosquito bites you but does no damage.
Casting: Searing Ray (safe; 1% risk of failure)
Confirm with . or Enter, or press ? or * to list all spells.
Aiming: Searing Ray (safe; 1% risk of failure)
Press: ? - help, Shift-Dir - straight line, f - vampire mosquito
Aim: a vampire mosquito (severely damaged, 72% to hit)
The searing ray hits the vampire mosquito!
The vampire mosquito is almost destroyed.
The searing ray hits the vampire mosquito!
The vampire mosquito is severely damaged.
The searing ray hits something. (Press . to maintain the ray.)
The vampire mosquito closely misses you.
The vampire mosquito bites you.
The vampire mosquito draws strength from your injuries!
The searing ray hits the vampire mosquito.
You destroy the vampire mosquito!
Sif Muna accepts your kill.
The searing ray hits the vampire mosquito!
You destroy the vampire mosquito!
Sif Muna accepts your kill.
The searing ray hits something!
Your Fire Magic skill increases to level 7!
The searing ray hits something but does no damage.
The shadow strikes at you from the darkness!
You die...

#)......# #..#####..
#.......# #..).y....
#.......#####.†####...
###>.............#
#................#
#................#
#..#.##..#######†#
.........# #†#
.#...#...# #@#
.........# #.#
##.#.....# #.#
#...##..# #.#
##.###..# #.# #.# #..#
#.# #.# #..# #.# #.#
#..# #.# #.#
#..#######.


There were no monsters in sight!

Vanquished Creatures
  3 two-headed ogres
  A boulder beetle (D:8)
  4 lindwurms (D:8)
  An ugly thing (IceCv)
  Jeremiah (D:7)
  2 trolls (D:9)
  A dire elephant simulacrum (IceCv)
  10 yaks (D:10)
  A wyvern (D:9)
  4 vampire mosquitoes (D:11)
  2 steam dragons
  Duvessa (D:7)
  A water moccasin (D:5)
  A black bear (D:6)
  An orc warrior (D:7)
  4 ogres
  3 centaurs
  2 phantoms
  4 kobold brigands
  2 bullfrogs
  2 gnoll sergeants
  2 scorpions
  16 wights
  Dowan (D:7)
  14 killer bees
  An elephant simulacrum (IceCv)
  An electric eel (D:7)
  3 howler monkeys
  3 crimson imps (D:8)
  2 jellies
  A hound (D:5)
  A sleepcap (D:7)
  6 orc priests
  Terence (D:2)
  4 iguanas
  7 orc wizards
  A polar bear simulacrum (IceCv)
  A wolf simulacrum (IceCv)
  3 gnolls (D:7)
  5 adders
  3 shadow imps
  3 dart slugs
  25 orcs
  8 ball pythons
  5 bats
  9 endoplasms
  2 giant cockroaches
  9 goblins
  5 hobgoblins
  A quokka (D:4)
  5 frilled lizards
  21 kobolds
  3 rats (D:1)
223 creatures vanquished.

Vanquished Creatures (others)
  A cane toad simulacrum (IceCv)
1 creature vanquished.

Grand Total: 224 creatures vanquished

Notes
Turn   | Place    | Note
-------+----------+-------------------------------------------
     0 | D:1      | grandjackal the Deep Elf Conjurer began the quest for the
                  | Orb.
     0 | D:1      | Reached XP level 1. HP: 10/10 MP: 6/6
   352 | D:1      | Reached XP level 2. HP: 15/15 MP: 5/8
   382 | D:1      | Learned a level 2 spell: Searing Ray
   609 | D:1      | Learned a level 2 spell: Scorch
   933 | D:1      | Reached skill level 4 in Spellcasting
  1001 | D:1      | Found Nyost's Distillery.
  1009 | D:1      | Bought a potion of curing for 36 gold pieces
  1009 | D:1      | Bought a potion of degeneration for 12 gold pieces
  1175 | D:1      | Reached XP level 3. HP: 19/19 MP: 8/10
  1347 | D:2      | Noticed Terence
  1352 | D:2      | Killed Terence
  1353 | D:2      | Reached skill level 5 in Conjurations
  1353 | D:2      | Reached skill level 1 in Fire Magic
  1598 | D:2      | Found a faded altar of an unknown god.
  1796 | D:2      | Reached XP level 4. HP: 24/24 MP: 7/12
  1963 | D:3      | Learned a level 4 spell: Flame Wave
  1995 | D:3      | Found a basalt altar of Yredelemnul.
  2106 | D:3      | Reached skill level 5 in Spellcasting
  2228 | D:3      | Found a white marble altar of Elyvilon.
  2306 | D:3      | Reached XP level 5. HP: 28/28 MP: 12/14
  2832 | D:4      | Noticed an ogre
  2853 | D:4      | Killed an ogre
  2854 | D:4      | Reached XP level 6. HP: 32/32 MP: 9/16
  3235 | D:4      | Reached skill level 6 in Spellcasting
  3448 | D:4      | Found Moorr's Weapon Shoppe.
  3937 | D:5      | Entered Level 5 of the Dungeon
  3937 | D:5      | Found an ancient bone altar of Kikubaaqudgha.
  4020 | D:5      | Noticed a water moccasin
  4027 | D:5      | Killed a water moccasin
  4087 | D:5      | Reached XP level 7. HP: 36/36 MP: 13/18
  4092 | D:5      | HP: 1/36 [poisoned by a gnoll sergeant]
  4217 | D:5      | Found a hide-covered altar of Uskayaw.
  4347 | D:5      | Reached skill level 7 in Spellcasting
  4477 | D:5      | Found a staircase to the Ecumenical Temple.
  4489 | Temple   | Entered the Ecumenical Temple
  4763 | D:5      | Found a shimmering blue altar of Sif Muna.
  4772 | D:5      | Became a worshipper of Sif Muna the Loreminder
  4892 | D:5      | Found an iron altar of Okawaru.
  4900 | D:5      | Reached skill level 5 in Fire Magic
  5038 | D:6      | Learned a level 3 spell: Mephitic Cloud
  5050 | D:6      | Learned a level 5 spell: Fireball
  5054 | D:6      | Reached skill level 1 in Invocations
  5138 | D:6      | Found a glowing silver altar of Zin.
  5192 | D:6      | Reached skill level 1 in Poison Magic
  5192 | D:6      | Reached XP level 8. HP: 41/41 MP: 12/21
  5356 | D:6      | Reached skill level 8 in Spellcasting
  5673 | D:6      | Found a glowing golden altar of the Shining One.
  6123 | D:7      | Reached * piety under Sif Muna
  6152 | D:7      | Reached skill level 9 in Spellcasting
  6355 | D:7      | Found Sophixt's Jewellery Shop.
  6361 | D:7      | Reached XP level 9. HP: 45/45 MP: 12/24
  6385 | D:7      | Learned a level 4 spell: Olgreb's Toxic Radiance
  6469 | D:7      | Noticed Maurice
  6470 | D:7      | Maurice changed into Maurice the howler monkey
  6470 | D:7      | Noticed Maurice
  6478 | D:7      | Killed Maurice the howler monkey
  6595 | D:7      | Found a burning altar of Makhleb.
  6618 | D:7      | Noticed Jeremiah
  6628 | D:7      | Killed Jeremiah
  6761 | D:7      | Noticed Duvessa
  6761 | D:7      | Noticed Dowan
  6766 | D:7      | Killed Dowan
  6769 | D:7      | Killed Duvessa
  6916 | D:7      | Noticed a two-headed ogre
  6924 | D:7      | Killed a two-headed ogre
  6925 | D:7      | Reached skill level 10 in Spellcasting
  6925 | D:7      | Reached skill level 5 in Poison Magic
  6925 | D:7      | Reached skill level 5 in Invocations
  7019 | D:7      | Found a blossoming altar of Fedhas.
  7431 | D:8      | Noticed a boulder beetle
  7431 | D:8      | Found a staircase to the Lair.
  7445 | D:8      | Killed a boulder beetle
  7446 | D:8      | Reached XP level 10. HP: 31/50 MP: 1/26
  7832 | D:8      | Identified the +0 robe of Miehyz {rN++ Str-5 Stlth+}
  7877 | D:8      | Found a transporter.
  7889 | D:8      | Found a transporter.
  7961 | D:8      | Reached ** piety under Sif Muna
  8041 | D:8      | Found a radiant altar of Vehumet.
  8213 | D:8      | Noticed a lindwurm
  8214 | D:8      | Noticed a lindwurm
  8215 | D:8      | Noticed a lindwurm
  8226 | D:8      | Killed a lindwurm
  8227 | D:8      | Reached skill level 11 in Spellcasting
  8227 | D:8      | Reached skill level 10 in Conjurations
  8227 | D:8      | Killed a lindwurm
  8231 | D:8      | Noticed a lindwurm
  8255 | D:8      | Killed a lindwurm
  8264 | D:8      | Killed a lindwurm
  8409 | D:8      | Identified the +9 great sword of Mogh {elec, +Blink MP+9
                  | Int-3 Stlth+}
  8410 | D:8      | Identified the staff "Hell-Harrower" {rC+ rN++ Str-2 Dex+5
                  | Ice}
  8482 | D:8      | Found a shimmering altar of Xom.
  8753 | D:9      | Found an opulent altar of Gozag.
  9057 | D:9      | Found a sacrificial altar of Ru.
  9161 | D:9      | Noticed a two-headed ogre
  9162 | D:9      | Reached skill level 12 in Spellcasting
  9166 | D:9      | Reached XP level 11. HP: 54/54 MP: 16/29
  9170 | D:9      | Killed a two-headed ogre
  9759 | D:10     | Entered Level 10 of the Dungeon
  9759 | D:10     | Found Ejuide's Book Shop.
  9759 | D:10     | Found Sonofoem's Magic Scroll Emporium.
  9771 | D:10     | Bought a scroll of blinking for 82 gold pieces
  9771 | D:10     | Bought a scroll of fog for 44 gold pieces
  9771 | D:10     | Bought a scroll of teleportation for 33 gold pieces
  9771 | D:10     | Bought a scroll of teleportation for 33 gold pieces
  9771 | D:10     | Bought a scroll of teleportation for 33 gold pieces
  9771 | D:10     | Bought a scroll of vulnerability for 44 gold pieces
  9771 | D:10     | Bought a scroll of identify for 22 gold pieces
 10205 | D:10     | Reached *** piety under Sif Muna
 10243 | D:10     | Found Tabatuc's Distillery.
 10251 | D:10     | Bought a potion of brilliance for 60 gold pieces
 10251 | D:10     | Bought a potion of haste for 150 gold pieces
 10310 | D:10     | Found Vyiluq's Antique Armour Boutique.
 10320 | D:10     | Bought a pair of shimmering boots for 190 gold pieces
 10320 | D:10     | Identified the +0 pair of boots of Free Will {Str+2} (You
                  | bought it in a shop on level 10 of the Dungeon)
 10537 | D:10     | Found Ywuonw Woed's Armour Boutique.
 10540 | D:10     | Identified a scroll of acquirement
 10541 | D:10     | Acquired the Handbook of Trauma
 10717 | D:11     | Found a frozen archway.
 10736 | IceCv    | Entered an ice cave
 10736 | IceCv    | Noticed a white ugly thing
 10742 | IceCv    | Killed a white ugly thing
 10747 | IceCv    | Found a transporter.
 10749 | IceCv    | Noticed a white ugly thing
 10773 | IceCv    | Found a transporter.
 10909 | D:11     | Noticed a two-headed ogre
 10916 | D:11     | Killed a two-headed ogre
 10934 | D:11     | Slain by a shadow

Illustrated notes

Levels and vault maps discovered:
D:1:      shiori_arrival_maze, layout_basic, serial_shops, shop, minivault_27
D:2:      layout_basic, shapermc_ecumenical_altar_notcrosses, uniq_terence
D:3:      layout_rooms, amcnicky_altar_gilded, mainiacjoe_overflow_boulevard
D:4:      layout_cave_pods, serial_shops, nicolae_shop_rolling_square
D:5:      layout_loops_ring, okawaru_trees_2, general_overflow_altar,
          marbit_many_paths, mainiacjoe_overflow_alcove_2,
          minmay_temple_entry_overgrown
D:6:      layout_loops_ring, lemuel_tele_altar, tso_metal_star
D:7:      layout_basic, mainiacjoe_overflow_brackets,
          mainiacjoe_overflow_24_doors, serial_shops, shop, lightli_minifort,
          uniq_jeremiah, uniq_duvessa, uniq_maurice
D:8:      gammafunk_steamed_eel, layout_loops_ring, lemuel_crystal_altar,
          led_xom_imps, lair_entry_dummy, minmay_lindwurm_lava
D:9:      layout_basic, lemuel_crystal_altar, mainiacjoe_overflow_tiny_flanked
D:10:     layout_rooms, serial_shops, nicolae_shop_tiny_statue_garden, shop,
          nicolae_shop_industrial_runoff, shop, nicolae_square_shop,
          grunt_decor_one_mirror
D:11:     layout_long_grid, serial_shops, shop, portal_ice_cave_entry_pillars_1
Temple:   hellmonk_temple_forest_ring

Skill      XL: |  1  2  3  4  5  6  7  8  9 10 11 |
---------------+----------------------------------+-----
Spellcasting   | 4 5 6 7 9 10 12 | 12.9
Conjurations   | 5 6 7 8 9 10 | 10.5
Fire Magic     | 1 2 3 4 5 7 |  7.0
Invocations    | 1 4 6 8 9 |  9.1
Poison Magic   | 1 3 6 7 8 |  8.9
Dodging        | |  2.4
Stealth        | |  2.4

Action                     |  1- 3 |  4- 6 |  7- 9 | 10-12 || total
---------------------------+-------+-------+-------+-------++-------
  Melee: Unarmed           |    10 |     1 |     1 |     3 ||    15
         Staff             |       |       |       |    22 ||    22
         Punch             |       |       |       |     1 ||     1
   Cast: Magic Dart        |    65 |    77 |    22 |    15 ||   179
         Searing Ray       |     1 |     9 |    44 |    35 ||    89
         Flame Wave        |       |       |     3 |     9 ||    12
         Olgreb's Toxic Ra |       |       |     7 |    25 ||    32
         Fireball          |       |       |     2 |     4 ||     6
         Mephitic Cloud    |       |       |     2 |       ||     2
         Scorch            |       |       |     1 |       ||     1
  Evoke: Wand              |       |       |     1 |     6 ||     7
    Use: Potion            |       |       |     1 |       ||     1
         Scroll            |       |       |       |    12 ||    12
 Armour: Robe              |     9 |    15 |    18 |       ||    42
         Steam dragon scal |       |       |    23 |    82 ||   105
  Dodge: Dodged            |    13 |     2 |    36 |    69 ||   120

Table legend: (Time is in decaauts)
 A = Elapsed time spent in this place.
 B = Non-inter-level travel time spent in this place.
 C = Inter-level travel time spent in this place.
 D = Time resting spent in this place.
 E = Time spent auto-exploring this place.
 F = Levels seen in this place.
 G = Mean time per level.
                   A        B        C        D        E       F      G
               +--------+--------+--------+--------+--------+-----+--------+
         Total |  10924 |  10694 |    230 |   2525 |   6596 |  13 |  840.3 |
       Dungeon |  10734 |  10509 |    225 |   2416 |   6596 |  11 |  975.8 |
        Temple |     29 |     25 |      4 |      0 |      0 |   1 |   29.0 |
      Ice Cave |    159 |    159 |      0 |    109 |      0 |   1 |  159.0 |
               +--------+--------+--------+--------+--------+-----+--------+

Top non-repeatable levels by time:
     D:7: 1553 daAuts
     D:4: 1367 daAuts
     D:1: 1221 daAuts
     D:8: 1168 daAuts
     D:5: 1066 daAuts
     D:9: 1016 daAuts
     D:6: 976 daAuts
    D:10: 944 daAuts
     D:2: 703 daAuts
     D:3: 642 daAuts
   IceCv: 159 daAuts
    D:11: 73 daAuts
  Temple: 29 daAuts
